 Dungeon Crawl Stone Soup version 0.26-a0-651-gb41185065b (webtiles) character file.

Game seed: 4030322401877546276

1595 Flugslaktarn the Covered (level 8, -7/74 HPs)
             Began as a Deep Dwarf Fighter on Oct 20, 2020.
             Killed from afar by an electric eel (13 damage)
             ... with a bolt of electricity
             ... on level 6 of the Dungeon.
             The game lasted 00:02:50 (3258 turns).

Flugslaktarn the Covered (Deep Dwarf Fighter)       Turns: 3258, Time: 00:02:51

Health: -7/74      AC: 12    Str: 20    XL:     8   Next: 62%
Magic:  6/6        EV:  6    Int:  9    God:
Gold:   274        SH: 15    Dex: 14    Spells: 7/7 levels left

rFire    + . .     SeeInvis .   a - +1 war axe
rCold    . . .     Faith    +   k - +0 tower shield
rNeg     . . .     Spirit   .   b - +0 scale mail
rPois    .         Reflect  .   o - +0 helmet
rElec    .         Harm     .   w - +0 cloak
rCorr    .         Rampage  .   s - +1 pair of gloves
MR       +....                  (no boots)
Stlth    ..........             y - amulet of faith
HPRegen  0.00/turn              f - ring of protection from fire
MPRegen  0.10/turn              (no ring)

@: non-regenerating, very slow
A: damage resistance, heal wounds, sense surroundings 1, no regeneration
a: Heal Wounds


You were on level 6 of the Dungeon.
You visited 1 branch of the dungeon, and saw 6 of its levels.

You collected 274 gold pieces.

Inventory:

Hand Weapons
 a - a +1 war axe (weapon)
Missiles
 C - 2 throwing nets (quivered)
Armour
 b - a +0 scale mail (worn)
 k - a +0 tower shield (worn)
   (You found it on level 1 of the Dungeon)
 o - a +0 helmet (worn)
   (You took it off Robin on level 3 of the Dungeon)
 s - a +1 pair of gloves (worn)
   (You found it on level 5 of the Dungeon)
 w - a +0 cloak (worn)
   (You took it off Crazy Yiuf on level 3 of the Dungeon)
Jewellery
 f - a ring of protection from fire (left hand)
   (You found it on level 5 of the Dungeon)
 y - an amulet of faith (around neck)
   (You found it on level 1 of the Dungeon)
 A - a cursed amulet of inaccuracy {unknown}
   (You found it on level 5 of the Dungeon)
 B - an uncursed amulet of reflection {unknown}
   (You found it on level 6 of the Dungeon)
Wands
 h - a wand of acid (8)
   (You found it on level 5 of the Dungeon)
 p - a wand of iceblast (14)
   (You took it off Ijyb on level 3 of the Dungeon)
Scrolls
 c - 2 scrolls of immolation
 e - 2 scrolls of enchant weapon
 i - a scroll of fear
 r - 2 scrolls of identify
 t - 2 scrolls of teleportation
 x - 2 scrolls of remove curse
 z - a scroll of random uselessness {unknown}
Potions
 d - a potion of might
 g - 3 potions of flight {unknown}
 j - a potion of mutation {unknown}
 l - a potion of heal wounds {unknown}
 m - a potion of ambrosia {unknown}
 n - a potion of curing {unknown}
 q - 3 potions of lignification
 u - a potion of degeneration {unknown}
 v - a potion of stabbing {unknown}


   Skills:
 + Level 5.3 Fighting
 + Level 6.0 Axes
 + Level 6.5 Armour
 + Level 6.4 Shields
 + Level 4.5 Evocations


You had 7 spell levels left.
You didn't know any spells.
Your spell library was empty.

Dungeon Overview and Level Annotations

Branches:
Dungeon (6/15)
 Temple: D:4-7

Altars:
Elyvilon
Fedhas
Hepliaklqana
Nemelex Xobeh
Trog
Uskayaw
Wu Jian
Xom
Yredelemnul
The Shining One


Innate Abilities, Weirdness & Mutations

You are resistant to damage.
You can heal yourself by infusing magical energy.
You passively map a small area around you.
You do not regenerate.


Message History

You are too injured to fight recklessly!
You are too injured to fight recklessly!
You are too injured to fight recklessly!
You are too injured to fight recklessly!
You are too injured to fight recklessly!
You fail to use your ability.
You block the shadow imp's attack.
The electric eel shoots out a bolt of lightning at you!
The bolt of electricity hits you!
* * * LOW HITPOINT WARNING * * *
You slash the electric eel!
The electric eel is severely wounded.
You hit the shadow imp.
You kill the shadow imp!
You closely miss the electric eel.
The electric eel shoots out a bolt of lightning at you!
The bolt of electricity hits you!
* * * LOW HITPOINT WARNING * * *
The electric eel shoots out a bolt of lightning at you!
The bolt of electricity hits you!
You die...

#.
*##..........#
#.
,........(...#
#.
....####.....#
....##≈≈≈#≈#...#
....* ≈≈≈≈≈#..##
...# #≈#≈≈##.# ,
, ≈≈≈≈≈≈#.# ,
#;;.# ,
#≈≈;≈#@.# ,
≈≈#≈≈#..# ≈≈
≈..# ##≈ ....# ,
.....# * ....###
*##### *


You could see 2 electric eels.

Vanquished Creatures
  Duvessa (D:4)
  2 sky beasts (D:5)
  An ice beast (D:2)
  2 ogres (D:4)
  A centaur (D:5)
  A bullfrog (D:6)
  A gnoll sergeant (D:5)
  Dowan (D:4)
  3 wights (D:6)
  3 centaur skeletons (D:5)
  An orc priest (D:3)
  Crazy Yiuf (D:3)
  A hound (D:5)
  4 orc wizards
  A bullfrog skeleton (D:4)
  An iguana (D:5)
  2 worker ants
  Ijyb (D:3)
  A worker ant zombie (D:5)
  Robin (D:3)
  10 gnolls
  2 adders
  3 shadow imps
  A white imp (D:5)
  2 ufetubi (D:5)
  An ooze (D:2)
  4 worms
  A dart slug (D:1)
  3 leopard geckos
  10 orcs
  3 giant cockroaches
  13 goblins
  10 hobgoblins
  5 jackals
  6 bats
  3 frilled lizards
  3 kobolds
  A leopard gecko skeleton (D:4)
  8 rats
119 creatures vanquished.

Notes
Turn   | Place    | Note
-------+----------+-------------------------------------------
     0 | D:1      | Flugslaktarn the Deep Dwarf Fighter began the quest for the
                  | Orb.
     0 | D:1      | Reached XP level 1. HP: 20/20 MP: 1/1
    74 | D:1      | Reached XP level 2. HP: 25/27 MP: 2/2
   249 | D:2      | Noticed an ice beast
   266 | D:2      | Killed an ice beast
   266 | D:2      | Reached XP level 3. HP: 34/34 MP: 3/3
   266 | D:2      | Reached XP level 4. HP: 42/42 MP: 4/4
   281 | D:2      | Found a blossoming altar of Fedhas.
   301 | D:2      | Found a glowing golden altar of the Shining One.
   313 | D:2      | Found a basalt altar of Yredelemnul.
   315 | D:2      | Noticed a profane servitor
   342 | D:2      | Found a hazy altar of Hepliaklqana.
   343 | D:2      | Found a white marble altar of Elyvilon.
   343 | D:2      | Found a shimmering altar of Xom.
   513 | D:3      | Reached XP level 5. HP: 43/49 MP: 5/5
   705 | D:3      | Noticed Robin
   711 | D:3      | Noticed Ijyb
   721 | D:3      | Killed Ijyb
   721 | D:3      | Reached XP level 6. HP: 28/57 MP: 6/6
   724 | D:3      | Killed Robin
  1152 | D:3      | Found a runed translucent door.
  1153 | D:3      | Noticed Crazy Yiuf
  1159 | D:3      | Killed Crazy Yiuf
  1253 | D:4      | Found a hide-covered altar of Uskayaw.
  1253 | D:4      | Found a sparkling altar of Nemelex Xobeh.
  1421 | D:4      | Reached skill level 5 in Armour
  1421 | D:4      | Reached skill level 5 in Shields
  1446 | D:4      | Noticed Duvessa
  1446 | D:4      | Noticed Dowan
  1460 | D:4      | Killed Duvessa
  1460 | D:4      | Reached skill level 1 in Evocations
  1460 | D:4      | Reached XP level 7. HP: 33/66 MP: 7/7
  1466 | D:4      | Killed Dowan
  2288 | D:5      | Entered Level 5 of the Dungeon
  2296 | D:5      | Reached skill level 5 in Axes
  2475 | D:5      | Reached XP level 8. HP: 37/73 MP: 8/8
  2677 | D:5      | Noticed a moth of wrath
  2679 | D:5      | Found a bloodstained altar of Trog.
  2903 | D:5      | Found an ornate altar of the Wu Jian Council.
  2910 | D:5      | Reached skill level 5 in Fighting
  3258 | D:6      | Killed from afar by an electric eel

Illustrated notes

Levels and vault maps discovered:
D:1:      roderic_octagonal_star, layout_rooms, minmay_pentomino_t4
D:2:      layout_basic, grunt_temple_overflow_holy_war,
          overflow_temple_1_default, nicolae_overflow_quartered_altars
D:3:      layout_basic, uniq_ijyb, uniq_robin, uniq_crazy_yiuf_cottage
D:4:      layout_basic, gammafunk_temple_overflow_pools, uniq_duvessa
D:5:      layout_loops_ring, tgw_trog, basic_altar
D:6:      layout_cave_pods, marbit_many_paths, serial_shops, nicolae_shop_trees,
          minivault_4, uniq_menkaure

Skill      XL: |  1  2  3  4  5  6  7  8 |
---------------+-------------------------+-----
Fighting       | 3 4 5 |  5.3
Axes           | 3 4 5 6 |  6.0
Armour         | 4 5 6 |  6.5
Shields        | 4 5 6 |  6.4
Evocations     | 1 3 4 |  4.5

Action                   |  1- 3 |  4- 6 |  7- 9 || total
-------------------------+-------+-------+-------++-------
Melee: War axe           |    53 |   140 |   215 ||   408
 Abil: Heal Wounds       |     2 |     2 |     6 ||    10
Evoke: Wand              |       |     2 |       ||     2
  Use: Scroll            |     3 |       |     7 ||    10
       Potion            |       |       |     1 ||     1
Armor: Scale mail        |    25 |    43 |    90 ||   158
Dodge: Dodged            |    18 |    20 |    31 ||    69
Block: Kite shield       |    16 |       |       ||    16
       Tower shield      |    20 |   123 |   161 ||   304

Table legend: (Time is in decaauts)
 A = Elapsed time spent in this place.
 B = Non-inter-level travel time spent in this place.
 C = Inter-level travel time spent in this place.
 D = Time resting spent in this place.
 E = Time spent auto-exploring this place.
 F = Levels seen in this place.
 G = Mean time per level.
                   A        B        C        D        E       F      G
               +--------+--------+--------+--------+--------+-----+--------+
         Total |   3433 |   3118 |    315 |      0 |   2099 |   6 |  572.2 |
       Dungeon |   3433 |   3118 |    315 |      0 |   2099 |   6 |  572.2 |
               +--------+--------+--------+--------+--------+-----+--------+

Top non-repeatable levels by time:
     D:4: 964 daAuts
     D:5: 918 daAuts
     D:3: 879 daAuts
     D:2: 342 daAuts
     D:1: 212 daAuts
     D:6: 117 daAuts
